[Event "1st Semana Santa Torrevieja 2022"]
[Site "Torrevieja Alicante"]
[Date "2022.04.16"]
[Round "6.7"]
[White "Vereggen, Lars"]
[Black "Chatalbashev, Boris"]
[Result "0-1"]
[ECO "A45"]
[WhiteElo "2326"]
[BlackElo "2515"]
[Annotator "TA"]
[PlyCount "64"]
[EventDate "2022.04.12"]
[EventType "swiss"]
[EventCountry "ESP"]
[SourceTitle "playchess.com"]
[Source "ChessBase"]
[SourceQuality "1"]
[TimeControl "5400+30"]

1. d4 Nf6 2. Bg5 Ne4 3. Bf4 c5 4. f3 Nf6 5. dxc5 b6 6. c6 {[%emt 0:02:31] A45: Trompowsky Attack.} ({Better is} 6. e4 $14) 6... Nxc6 $15 7. e4 e5 8. Bg5 {[%emt 0:00:38] [#] The position is equal.} Bb4+ $146 ({Predecessor:} 8... h6 9. Bxf6 Qxf6 10. Nc3 Bb4 11. Qd2 O-O 12. Bc4 Bb7 13. Nge2 Rac8 14. a3 Bxc3 15. Nxc3 {0-1 (31) Borodinov,D (2298)-Kokarev,D (2608) Vladivostok 2015}) 9. Nd2 {[%emt 0:06:17] [#]} (9. c3 $11 Bc5 10. b4) 9... Nxe4 $1 $17 10. fxe4 Qxg5 11. c3 Be7 {[%emt 0:05:42] &Nero is more active.} 12. Ngf3 Qg6 13. Qc2 Bb7 14. O-O-O (14. Bc4 $142) 14... Rc8 15. Bc4 O-O (15... Qxg2 $6 16. Rdg1 Qh3 17. Rxg7 $11) 16. Qd3 b5 (16... Qxg2 17. Qxd7 Rb8 18. Rhg1 $14) 17. Bxb5 Nb4 $1 (17... Qxg2 18. Qxd7 Ba3 19. bxa3 $18) 18. Qe2 Nxa2+ 19. Kb1 {[%emt 0:00:51] [#]} (19. Kc2 {keeps fighting.}) 19... Nxc3+ $1 $19 20. bxc3 Rxc3 21. Rc1 (21. Nxe5 Qb6 22. Rc1 (22. Nxd7 $2 Qa5 $19) 22... Ra3 $19) 21... Ra3 {[%emt 0:01:07] aiming for ...Qb6.} 22. Rc2 (22. Rc7 $2 Qb6 23. Rc2 (23. Rxd7 $2 Ra5 $19) 23... Qa5 $19) 22... d5 $1 23. Rf1 ({Not} 23. Rc7 $2 Qb6 $1 24. Rhc1 (24. Rxe7 $2 Qa5 $19) 24... Qa5 $1 25. Rxe7 (25. Rxb7 $2 Ra1+ 26. Kc2 Rc8+ 27. Qc4 Rxc1+ 28. Kxc1 dxc4 $19) 25... Qb4+ 26. Kc2 Rc8+ 27. Bc4 dxc4 $19) 23... Qb6 24. Rb2 dxe4 $2 (24... Re3 $19 25. Qd1 Qc7) 25. Nxe5 $17 {[%emt 0:00:58] [#] Strongly threatening Bc4.} ({Wrong is} 25. Nxe4 $2 Re3 26. Bd3 Rxe2 $19) 25... e3 $1 $36 {[%emt 0:01:06][%mdl 2048] White is under strong pressure.} 26. Bc6 $2 {[%emt 0:02:03][%mdl 8192] Loses the game.} Ba6 {[%emt 0:04:18][%mdl 64] Skewer. A strong pair of Bishops.} 27. Ndc4 Bxc4 {[%emt 0:02:26] The board is on fire.} 28. Qxc4 (28. Nxc4 Qxc6 29. Nxa3 Bxa3 30. Rb3) 28... Qa5 $19 {[%emt 0:00:02] ( -> ...Ra1+). Black is clearly winning.} 29. Rb5 Ra1+ 30. Kb2 Qa3+ 31. Kc2 Ra2+ 32. Kb1 {[%emt 0:01:02] [#]} e2 $1 {[%emt 0:00:46][%mdl 512] Weighted Error Value: White=0.86/Black=0.10 (very precise)} 0-1

[Event "1st Semana Santa Torrevieja 2022"]
[Site "Torrevieja Alicante"]
[Date "2022.04.16"]
[Round "6.8"]
[White "Remolar Gallen, Jose"]
[Black "Vrolijk, Liam"]
[Result "1/2-1/2"]
[ECO "E04"]
[WhiteElo "2308"]
[BlackElo "2480"]
[Annotator "TA"]
[PlyCount "76"]
[EventDate "2022.04.12"]
[EventType "swiss"]
[EventCountry "ESP"]
[SourceTitle "playchess.com"]
[Source "ChessBase"]
[SourceQuality "1"]
[TimeControl "5400+30"]

1. d4 Nf6 2. Nf3 d5 3. c4 e6 4. Nc3 c6 5. g3 dxc4 6. Bg2 b5 7. O-O Bb7 8. e4 {[%emt 0:03:57] E04: Open Catalan: 5 Nf3.} (8. Ne5 $5 ) 8... Be7 9. a4 a6 {[%emt 0:04:08][%cal Ba7a6,Ba6a5][%mdl 32] [#]} 10. b3 $146 (10. e5 $11 Nd5 11. Bd2) ({Predecessor:} 10. e5 Nd5 11. Ne4 h6 12. h4 Nd7 13. h5 c5 14. Qe2 cxd4 15. Nxd4 Qb6 16. Nf3 {0-1 (37) Thejkumar,M (2433)-Pridorozhni,A (2550) Chess.com INT 2021}) 10... b4 $1 $17 11. e5 {[%emt 0:00:20] [#]} Nd5 12. Ne4 {[%emt 0:00:11] [#]} c3 13. Bg5 {[%emt 0:00:19][%cal Oe4d6] Threatens to win with Nd6+!} O-O 14. Re1 a5 15. Qc2 h6 16. h4 (16. Bxe7 $17 Qxe7 17. Nd6) 16... Nd7 ({Worse is} 16... hxg5 17. Nexg5 Bxg5 18. Nxg5 $15) 17. Bh3 (17. Bxe7 {was called for.} Qxe7 18. Nd6) 17... Ba6 ({Stronger than} 17... hxg5 18. Nexg5 Bxg5 19. Nxg5 $17) 18. Rad1 Rc8 ({Inferior is} 18... hxg5 19. Nexg5 Bxg5 20. Nxg5 $17) 19. Bc1 (19. Bxe7 $17 {was worth a try.} Qxe7 20. Nd6) 19... c5 $2 ({Black should play} 19... Kh8 $19 {...c5 is the strong threat.} 20. g4 c5 21. dxc5 Nxc5) 20. dxc5 $2 {[%emt 0:00:49] Now White is beyond hope.} (20. Bxh6 $1 $15 gxh6 21. dxc5) 20... Nxc5 $19 21. Nd4 Qb6 22. g4 (22. Bf1 $142) 22... Nxe4 23. Rxe4 Bxh4 24. Nf3 Be7 25. g5 h5 26. g6 fxg6 27. Nd4 Rf5 28. Be3 $2 (28. Nxf5 gxf5 29. Red4) 28... Nxe3 29. Rxe3 Bc5 30. Nxf5 gxf5 31. Rg3 Rd8 32. Kh2 Rxd1 {[%emt 0:02:41] Black mates.} 33. Qxd1 Bxf2 34. Rg6 Qd4 35. Qf3 Be3 36. Qxh5 Bf4+ 37. Kh1 c2 38. Rg1 {[%emt 0:00:39] [#]} Qxg1+ $3 {[%emt 0:00:13][%mdl 33280] Weighted Error Value: White=0.75/Black=0.16 (very precise) . An unexpected result.} 1/2-1/2

[Event "1st Semana Santa Torrevieja 2022"]
[Site "Torrevieja Alicante"]
[Date "2022.04.16"]
[Round "6.10"]
[White "Garcia Martin, Marta"]
[Black "Batsiashvili, Nino"]
[Result "1/2-1/2"]
[ECO "C50"]
[WhiteElo "2299"]
[BlackElo "2491"]
[Annotator "TA"]
[PlyCount "74"]
[EventDate "2022.04.12"]
[EventType "swiss"]
[EventCountry "ESP"]
[SourceTitle "playchess.com"]
[Source "ChessBase"]
[SourceQuality "1"]
[TimeControl "5400+30"]

1. e4 e5 2. Nf3 Nc6 3. Bc4 Nf6 4. d3 Bc5 5. Nc3 a6 6. Nd5 {[%emt 0:01:08] C50: Hungarian Defence and Giuoco Pianissimo.} Nxd5 7. Bxd5 O-O 8. O-O d6 9. Bg5 Qe8 {[%emt 0:04:39] [#]} 10. c3 $146 ({Predecessor:} 10. Nh4 Nb4 11. Bc4 b5 12. Bb3 a5 13. Qf3 a4 14. Qg3 h6 15. Bxh6 g6 16. Bxf8 Kxf8 {1-0 (39) Zagorsek,D (1500)-Asanin,S (1500) Murska Sobota 2007}) 10... Ne7 11. Bb3 Ng6 12. d4 exd4 13. cxd4 Ba7 14. Qd3 Bg4 15. Nd2 Qb5 16. Qxb5 axb5 17. Be3 Rfe8 18. Rac1 {[%emt 0:04:46] Black must now prevent h3.} c6 19. Rfe1 Bd7 20. f4 Nf8 21. f5 d5 22. Bf2 ({Much weaker is} 22. exd5 Rxe3 $1 23. Rxe3 Bxd4 $15) 22... Rad8 23. g4 g6 24. Nf3 Rxe4 25. Rxe4 dxe4 26. Ng5 gxf5 (26... e3 $14 27. Bxe3 Be8) 27. Nxf7 $16 Ra8 {[%emt 0:00:07] [#]} 28. gxf5 {[%emt 0:02:45] Hoping for Kh1.} Kg7 29. Nd6 Bb8 30. Bg3 {[%emt 0:00:27] &Bianco is much more active.} ({But not} 30. Nxe4 Bxf5 31. Nc5 b6 $11) (30. Nxb7 $16 {And now Be3 would win.} Bf4 31. Rf1) 30... Bxd6 $11 31. Bxd6 Bxf5 32. Be5+ {[%emt 0:00:07] This bishop pair is nice.} Kg6 33. Kf2 {[%emt 0:01:22][%mdl 1024] Strongly threatening Rg1+. White has compensation.} Kh6 34. Bf4+ Kg7 35. Be5+ Kh6 $1 36. Bf4+ Kg7 37. Be5+ Kh6 $1 {[%emt 0:00:02] Weighted Error Value: White=0.13 (very precise) /Black=0.08 (flawless)} 1/2-1/2

[Event "1st Semana Santa Torrevieja 2022"]
[Site "Torrevieja Alicante"]
[Date "2022.04.16"]
[Round "6.12"]
[White "Perea Fruet, Lorenzo"]
[Black "Tejedor Fuente, Enrique"]
[Result "1/2-1/2"]
[ECO "B45"]
[WhiteElo "2185"]
[BlackElo "2430"]
[Annotator "TA"]
[PlyCount "63"]
[EventDate "2022.04.12"]
[EventType "swiss"]
[EventCountry "ESP"]
[SourceTitle "playchess.com"]
[Source "ChessBase"]
[SourceQuality "1"]
[TimeControl "5400+30"]

1. e4 c5 2. Nf3 e6 3. d4 cxd4 4. Nxd4 Nf6 5. Nc3 Nc6 6. Ndb5 Bb4 7. Bf4 Nxe4 8. Qf3 d5 9. Nc7+ Kf8 10. Nxa8 {[%emt 0:00:04] aiming for 0-0-0. B45: Sicilian Four Knights.} e5 11. Bd2 Nd4 12. Qd1 {[%emt 0:00:56] White is slightly better.} ({Much worse is} 12. Qd3 Nc5 13. Qg3 Nxc2+ 14. Kd1 Nxa1 15. Qxe5 Ne4 $15) 12... Nxd2 (12... Qh4 $14 13. g3 Qf6 14. Nxe4 Nf3+ 15. Qxf3 (15. Ke2 Nd4+ 16. Ke3 Nf5+ 17. Kf3 Nh4+ 18. Ke3 Nf5+ 19. Kf3 Nh4+ 20. Ke3 Nf5+ $11) 15... Qxf3 16. Bxb4+ Kg8) 13. Qxd2 $16 Be6 {[%emt 0:00:10] [#]} 14. a3 $1 Be7 {[%emt 0:03:31] [#]} 15. Nb5 $1 Nxb5 16. Bxb5 Qxa8 {[%emt 0:00:00] [#]} (16... a6 $2 17. Ba4) 17. f4 $146 ({Predecessor:} 17. Ba4 d4 18. Bb3 Bxb3 19. cxb3 g5 20. O-O Qd8 21. Rfe1 Bd6 22. Rac1 Kg7 23. Rc4 {0-1 (36) Alonso Garcia,R (2396)-Cuartas,J (2529) Sitges 2010}) 17... a6 {[%emt 0:14:00] [#]} (17... Qb8 $142) 18. Ba4 $1 exf4 {[%emt 0:05:00] [#]} 19. Qxf4 ({White should try} 19. O-O-O $1 $16) 19... Qd8 $1 $14 20. O-O Bd6 $1 21. Qe3 (21. Qf2 $5 Qe7 22. Kh1 $14) 21... Qh4 {[%emt 0:02:21] [#]} 22. g3 $1 {[%emt 0:02:21] Dancing on a razor blade.} Qe7 {[%emt 0:00:06] Threatens to win with ...Bc5.} 23. b4 {[%emt 0:00:29] Against Bc5. And now Rae1 would win. &Bianco is more active.} h5 $1 24. Rae1 Rh6 25. Qa7 {[%emt 0:01:50] White wants to mate with Qa8+.} Kg8 26. Qa8+ Kh7 {[%emt 0:00:08] White must now prevent ...h4.} 27. Qe8 Qxe8 28. Bxe8 Kg8 {[%emt 0:00:01] [#]} 29. Rxe6 $1 fxe6 30. Bf7+ Kh7 31. Re1 {[%emt 0:00:16][%mdl 1024] White has compensation.} h4 32. Rxe6 {[%emt 0:02:46] White really could win this.  Weighted Error Value: White=0.18 (very precise) /Black=0.11 (very precise)} 1/2-1/2

[Event "1st Semana Santa Torrevieja 2022"]
[Site "Torrevieja Alicante"]
[Date "2022.04.16"]
[Round "6.13"]
[White "Sabuk, Piotr"]
[Black "Van Dael, Siem"]
[Result "1-0"]
[ECO "E90"]
[WhiteElo "2411"]
[BlackElo "2303"]
[Annotator "TA"]
[PlyCount "53"]
[EventDate "2022.04.12"]
[EventType "swiss"]
[EventCountry "ESP"]
[SourceTitle "playchess.com"]
[Source "ChessBase"]
[SourceQuality "1"]
[TimeControl "5400+30"]

1. d4 Nf6 2. c4 g6 3. Nc3 Bg7 4. e4 d6 5. Nf3 O-O 6. h3 e5 7. d5 Na6 8. Bg5 h6 9. Be3 Nh5 10. g3 {[%emt 0:01:28] E90: King's Indian: Classical: Early deviations and 6 h3.} (10. Qd2 $5 ) 10... f5 11. exf5 gxf5 12. Nh4 {[%emt 0:01:26] White is slightly better.} Qe8 {[%emt 0:06:44] Black is now going downhill.} (12... f4 $11 13. Bd2 Qe8) 13. Be2 $16 Nf6 14. Qd2 {[%emt 0:02:50] &Bianco is more active.} Kh7 15. O-O-O {[%emt 0:01:31] [#]} Nc5 $146 (15... Qe7 $142 16. Kb1 Nc5) ({Predecessor:} 15... c6 16. dxc6 bxc6 17. Qxd6 Qf7 18. f4 exf4 19. Bxf4 Rb8 20. Qa3 Rb6 21. Rd2 c5 {½-½ (30) Harmon,C (2184)-Zilberstein,D (2392) McMinnville 2004}) 16. g4 Nce4 17. Nxe4 Nxe4 {[%emt 0:00:08] [#]} 18. Qc2 Qe7 19. Nxf5 Bxf5 20. gxf5 Nf6 21. Rhg1 Qd7 22. Rg6 e4 23. Rdg1 Rg8 24. Bg4 Raf8 25. Qd2 h5 {[%emt 0:01:17] [#]} (25... Nxg4 $142 26. hxg4 Rf6 27. Rxf6 (27. Bxa7 b6 $11) 27... Bxf6 28. Bxh6 Qa4) 26. Bd4 $1 $18 {[%emt 0:02:40][%cal Od2g5] Intending Qg5! and mate.} hxg4 (26... e3 27. Qxe3) 27. Qg5 {[%emt 0:07:52] Weighted Error Value: White=0.07 (flawless) /Black=0.95} 1-0

[Event "1st Semana Santa Torrevieja 2022"]
[Site "Torrevieja Alicante"]
[Date "2022.04.16"]
[Round "6.14"]
[White "Rasmussen, Karsten"]
[Black "Gonzalez Guedes, Iyan"]
[Result "1/2-1/2"]
[ECO "C41"]
[WhiteElo "2412"]
[BlackElo "2251"]
[Annotator "TA"]
[PlyCount "109"]
[EventDate "2022.04.12"]
[EventType "swiss"]
[EventCountry "ESP"]
[SourceTitle "playchess.com"]
[Source "ChessBase"]
[SourceQuality "1"]
[TimeControl "5400+30"]

1. Nf3 d6 2. d4 Nf6 3. Nc3 Nbd7 4. e4 e5 5. Bc4 Be7 6. O-O O-O 7. a4 c6 8. Ba2 Qc7 9. Re1 Re8 {[%emt 0:07:15] C41: Philidor Defence.} 10. h3 Bf8 11. Be3 b6 {[%emt 0:09:46] [#] White is slightly better.} 12. Ng5 $146 ({Predecessor:} 12. Qe2 exd4 13. Bxd4 h6 14. Nh4 Bb7 15. Ng6 c5 16. Nxf8 Kxf8 17. Bxf6 Nxf6 18. Qd3 {1-0 (110) Danin,A (2515)-Kessler,L (2440) Austria 2019}) 12... Re7 13. d5 c5 (13... Bb7 $14 {deserves consideration.}) 14. Bc4 a6 15. Qd2 {[%emt 0:03:52] 0x0.00138d2c057ddp-1022s more active pieces. The black rooks are badly placed.} g6 {[%emt 0:04:57] [#]} (15... h6 $16) 16. Nf3 (16. Ne6 $1 $18 {[%cal Re6c7][%mdl 512] is more deadly.} fxe6 (16... Qb8 17. Nxf8) 17. dxe6) 16... Bg7 $16 17. Nh4 Re8 18. g4 h5 19. f3 (19. g5 $16) 19... Nf8 20. Qg2 (20. Kh2 {feels hotter.} Qd8 21. g5 Qd7 22. Qg2) 20... Qd8 21. Qg3 hxg4 (21... Re7 $14) 22. hxg4 N6h7 23. Ng2 Bf6 24. Rf1 Bg5 25. f4 (25. Kf2 $16) 25... exf4 $15 26. Bxf4 Bxf4 27. Qxf4 (27. Rxf4 $15 Nd7 28. Be2) 27... Ra7 (27... Ng5 $17 28. Kh2 Kg7) 28. e5 $2 (28. Ne3 $11 {and White stays safe.}) 28... Ng5 ({Black should play} 28... Rxe5 $19 {...f5 is the strong threat.} 29. Rae1 Rxe1 30. Nxe1 f5) 29. Qf6 $17 dxe5 30. Qxd8 Rxd8 31. Rf6 Nd7 32. Rd6 {[%emt 0:00:51] [#]} Bb7 (32... Kg7 $1 $17 {Threatens to win with ...Rh8.} 33. Ne3 Rh8) 33. Nh4 {[%emt 0:01:02] [#]} (33. Rf1 $11) 33... Kg7 (33... Kf8 $1 $17 {[%cal Rf8e7] Strongly threatening ...Ke7.} 34. Nxg6+ fxg6 35. Rxg6 Nh3+ 36. Kh2 Nf4) 34. Rf1 Nh3+ ({Black should try} 34... e4 $15) 35. Kg2 $14 Nf4+ 36. Kg3 Raa8 37. Ng2 b5 {[%emt 0:01:16] The position is equal.} 38. axb5 axb5 39. Bxb5 (39. Nxb5 {is interesting.} Nf6 40. Rxf6 Kxf6 41. Nxf4 exf4+ 42. Rxf4+ Kg7 43. d6) 39... Nf6 40. Rxd8 {[%emt 0:00:42] Dancing on a razor blade.} Rxd8 41. Nxf4 exf4+ 42. Rxf4 Nxd5 43. Nxd5 Bxd5 $11 {[%emt 0:00:47][%mdl 4096] Endgame KRB-KRB} 44. Bd3 Be6 45. Bc4 Bxc4 46. Rxc4 {[%emt 0:00:04] KR-KR} Rd5 47. b4 cxb4 48. Rxb4 Kf6 49. Kf4 Ke6 50. Re4+ Kd6 51. c4 Rc5 52. Ke3 f5 53. gxf5 gxf5 54. Rh4 Ke5 55. Rd4 {[%emt 0:00:44] Weighted Error Value: White=0.30/Black=0.27 (precise)} 1/2-1/2

[Event "1st Semana Santa Torrevieja 2022"]
[Site "Torrevieja Alicante"]
[Date "2022.04.16"]
[Round "6.15"]
[White "Valmana Canto, Jaime"]
[Black "Carbonell Sancho, Marc"]
[Result "0-1"]
[ECO "D85"]
[WhiteElo "2401"]
[BlackElo "2215"]
[Annotator "TA"]
[PlyCount "94"]
[EventDate "2022.04.12"]
[EventType "swiss"]
[EventCountry "ESP"]
[SourceTitle "playchess.com"]
[Source "ChessBase"]
[SourceQuality "1"]
[TimeControl "5400+30"]

1. d4 Nf6 2. c4 g6 3. Nc3 d5 4. cxd5 Nxd5 5. Bd2 Bg7 6. e4 Nxc3 7. Bxc3 O-O 8. Qd2 c5 {[%emt 0:11:58][%cal Rc5d4] D85: Exchange Grünfeld: Unusual White 7th moves and lines with 7 Nf3.} 9. d5 Qd6 10. Nf3 Nd7 {[%emt 0:01:42] White is slightly better.} 11. Bxg7 Kxg7 12. Qc3+ f6 {[%emt 0:00:40] [#]} 13. h4 $146 ({Predecessor:} 13. Be2 a6 14. a4 Ne5 15. a5 Nxf3+ 16. Bxf3 Bd7 17. O-O e5 18. dxe6 Bxe6 19. Rac1 {½-½ (31) Papin,V (2514)-Smirnov,A (2318) Melbourne 2013}) 13... h6 14. O-O-O Rb8 (14... a6 $11) 15. Bb5 $1 $16 Ne5 16. Nxe5 Qxe5 17. Qxe5 ({Worse is} 17. Qxc5 Bg4 18. Qd4 Bxd1 19. Rxd1 a6 $17) 17... fxe5 18. f3 a6 19. Be2 Rf6 20. Kd2 Rd6 21. Ke3 Bd7 22. Rd2 Kf6 23. a3 b5 24. b3 e6 25. Rhd1 a5 26. g3 Ke7 27. f4 Kf6 {[%emt 0:00:04] [#]} (27... exf4+ $142 28. gxf4 h5) 28. Rc1 $1 Rc8 {[%emt 0:00:47] [#]} 29. Rdc2 $1 exd5 30. Rxc5 (30. fxe5+ $18 Kxe5 31. Rxc5 Rxc5 32. Rxc5) 30... Rxc5 $2 (30... Re8 $1 $11 {and Black stays safe.}) 31. Rxc5 $2 (31. fxe5+ $18 Kxe5 32. Rxc5) 31... exf4+ $14 32. gxf4 {[%emt 0:00:02] Strongly threatening e5+.} dxe4 33. Bxb5 $16 {[%emt 0:00:20][%mdl 4096] Endgame KRB-KRB} Be6 34. b4 axb4 35. axb4 {[%emt 0:00:04] Hoping for Rc6.} Rd1 $1 36. Bc6 Bf5 37. Bb5 Rb1 38. Rc6+ Ke7 39. Rc4 Kd6 40. Bc6 (40. Rc6+ $11 Ke7 41. Be2) 40... Rb3+ $15 41. Kd2 $2 (41. Ke2 $17) 41... e3+ $19 42. Ke1 Bg4 $2 (42... Bd3 $19 {( -> ...Rb1+)} 43. Rc1 Rb2) 43. Be4 $15 {[%emt 0:00:32] Inhibits Rb1+.} e2 (43... Ra3 $15 44. Rc6+ Ke7 45. Rc7+ Ke6 46. Rc6+ Ke7 47. Rc7+ Kd6 48. Rc6+ Kd7) 44. Bxg6 $2 (44. Rd4+ $11 Kc7 45. Bd3 (45. Bxg6 $2 Rc3 $19)) 44... Rg3 $19 {[%emt 0:00:11] Black is clearly winning.} 45. Re4 Rg1+ 46. Kf2 Rf1+ 47. Kg3 h5 {[%emt 0:00:19] Quite a comeback for Black.  Weighted Error Value: White=0.67/Black=0.33} 0-1

[Event "1st Semana Santa Torrevieja 2022"]
[Site "Torrevieja Alicante"]
[Date "2022.04.16"]
[Round "6.16"]
[White "Vega Gutierrez, Sabrina"]
[Black "Ulasevich, Sergei"]
[Result "0-1"]
[ECO "B36"]
[WhiteElo "2385"]
[BlackElo "2199"]
[Annotator "TA"]
[PlyCount "83"]
[EventDate "2022.04.12"]
[EventType "swiss"]
[EventCountry "ESP"]
[SourceTitle "playchess.com"]
[Source "ChessBase"]
[SourceQuality "1"]
[TimeControl "5400+30"]

1. e4 {[%emt 0:00:06] Giri,Anish} c5 2. Nf3 Nc6 3. d4 cxd4 4. Nxd4 g6 5. c4 Nf6 6. Nc3 d6 7. Be2 Nxd4 8. Qxd4 Bg7 9. Be3 O-O 10. Qd3 a5 {[%emt 0:01:24] is cutting edge theory. B36: Sicilian: Maroczy Bind: Gurgenidze System.} 11. O-O Bd7 12. Bd4 Bc6 {[%emt 0:01:03] [#] White has an edge.} 13. h4 $146 ({Predecessor:} 13. b3 Nd7 14. Bxg7 Kxg7 15. Qd4+ Kg8 16. Rfd1 Qb6 17. Qxb6 Nxb6 18. f4 f5 19. exf5 Rxf5 {1-0 (58) Giri,A (2776)-Carlsen,M (2847) chess24.com INT 2021 CBM 201 [Giri,Anish]}) 13... Nd7 14. Bxg7 Kxg7 15. h5 Nc5 16. Qe3 e5 17. h6+ Kg8 18. Rad1 Ne6 (18... Qe7 {seems wilder.} 19. f4 exf4 20. Qxf4 Rae8) 19. Nb5 Bxb5 (19... Nf4 {keeps more tension.} 20. Rfe1 Bxb5 21. cxb5 Qg5) 20. cxb5 Rc8 {[%emt 0:00:02] Prevents Bc4.} 21. Bg4 f5 22. exf5 (22. Qb3 $6 Qe7 23. exf5 gxf5 $11) 22... gxf5 23. Bf3 $36 {[%emt 0:03:38][%mdl 2048] White has good play.} (23. Qb3 Qe7 24. Bf3 e4 $15) 23... e4 24. Rd5 $1 Qe7 (24... Rf6 $142) 25. Bd1 {[%emt 0:03:58] Strongly threatening Bb3.} Kh8 26. Bb3 {[%emt 0:03:29] aiming for Rfd1.} Rf6 (26... Nc5 $16) 27. Rfd1 $18 Rd8 28. b6 {[%emt 0:04:01] Inhibits Nc7.} Qf8 29. Rxa5 Nc5 30. Qd4 {[%emt 0:04:19][%cal Oa5c5] Black must now prevent Rxc5!} Re8 (30... Nxb3 $142 31. axb3 Qxh6 32. Rxf5 Rdf8) 31. Bd5 (31. Bc4 $142) 31... Qxh6 32. b4 ({White should play} 32. Ra3 $18) 32... Nd3 $16 {[%emt 0:00:40] [#]} 33. Ra3 $1 (33. Bxb7 Nf4 34. Re1 Ne2+ 35. Rxe2 Qc1+ 36. Re1 (36. Kh2 Qh6+ 37. Kg1 Qc1+ 38. Kh2 Qh6+ 39. Kg1 $11) 36... Qxe1+ 37. Kh2 Re5 38. Rxe5 Rh6+ 39. Kg3 Rg6+ 40. Kh2 Rh6+ 41. Kg3 Rg6+ 42. Kh2 Rh6+ $11) (33. Ra7 $6 Qg6 34. Kf1 (34. Rxb7 Nf4 $15) 34... Qh6 35. Bxb7 (35. Kg1 $2 Nf4 $19) 35... Nf4 $11) 33... Qg5 $2 (33... Nf4 $16 34. Bc4 Rg8) 34. Raxd3 $18 exd3 35. a4 d2 {[%emt 0:03:14] ( -> ...Re1+)} 36. Qxd2 f4 $2 (36... Qxd2 {was worth a try.} 37. Rxd2 f4) 37. Qd4 (37. Bxb7 $142 d5 38. Qc3 (38. Qxd5 Qxd5 39. Bxd5 Rxb6 $16) (38. Bxd5 Rxb6 39. Bf3 Ra6 $18)) 37... Re5 $2 (37... Qe5 38. Qa1 (38. Bxb7 Qxd4 39. Rf1 Qxb6) 38... Qxa1 39. Rxa1 Rb8) 38. Bxb7 Rh6 39. Qc3 $4 (39. Bf3 $18) 39... Qh5 $19 40. Qc8+ {[%emt 0:00:10] [#]} Kg7 $1 41. Qd7+ Kf8 42. g4 {[%emt 0:01:19] Black used his chance.  Weighted Error Value: White=0.52/Black=0.34} 0-1

[Event "1st Semana Santa Torrevieja 2022"]
[Site "Torrevieja Alicante"]
[Date "2022.04.16"]
[Round "7.1"]
[White "Grigoryan, Karen H."]
[Black "Cuenca Jimenez, Jose Fernando"]
[Result "1-0"]
[ECO "E20"]
[WhiteElo "2636"]
[BlackElo "2552"]
[Annotator "TA"]
[PlyCount "115"]
[EventDate "2022.04.12"]
[EventType "swiss"]
[EventCountry "ESP"]
[SourceTitle "playchess.com"]
[Source "ChessBase"]
[SourceQuality "1"]
[TimeControl "5400+30"]

1. d4 Nf6 2. c4 e6 3. Nc3 Bb4 4. f3 c5 5. d5 b5 6. e4 {[%emt 0:00:12] E20: Nimzo-Indian: 4 g3 and 4 f3.} O-O {[%emt 0:00:43] 6...d6 gains popularity.} 7. Nge2 bxc4 {[%emt 0:03:48] With the idea ...exd5.} 8. Nf4 {[%emt 0:02:17] The position is equal.} exd5 9. Nfxd5 Nxd5 10. Qxd5 Qh4+ {[%emt 0:07:14] [#]} 11. Kd1 $146 ({Predecessor:} 11. g3 Qf6 12. Kf2 Bxc3 13. bxc3 Qxc3 14. Qxa8 Qxa1 15. Be3 Qxa2+ 16. Be2 Ba6 17. Qd5 {0-1 (41) Yordanov,L (2307)-Kiremitciyan,A (2281) Chess.com INT 2020}) 11... Nc6 12. a3 (12. Bxc4 $15 Na5 13. Be2 (13. Qxa8 $2 {perishes.} Nxc4 14. Qd5 Ba6 $19)) 12... Ba5 (12... Bxc3 $17 13. bxc3 Ba6) 13. Bxc4 $11 Bb7 14. Qxc5 Bxc3 15. bxc3 Rac8 16. Rb1 Nd8 17. Qb4 a5 {[%emt 0:05:23][%mdl 1024] Black has compensation.} 18. Qb3 Qf2 19. Qa2 Qc5 20. Bb3 (20. Bd5 $1 $11 {was preferrable.} Bxd5 21. Qxd5 Qxc3 22. Ke2) 20... a4 $15 21. Bd5 Bxd5 22. exd5 f6 (22... Qxc3 $17 {And now ...Qd3+ would win.} 23. Qd2 Qe5) 23. Rb4 (23. Qd2 $1 $11) 23... Nf7 ({Black should play} 23... Qxc3 $17 24. Qd2 Qe5) 24. Re1 (24. Qd2 $11) 24... Qxc3 $17 25. Qd2 Qc5 26. Bb2 {[%emt 0:05:46] Prevents Ne5.} (26. Rxa4 $15 Nd6 27. Rb4) 26... Nd6 27. Re2 (27. h3 $17) 27... Rb8 $2 (27... Nc4 $1 $19 28. Qd4 Nxb2+ 29. Qxb2 Qg1+ 30. Re1 Qxh2) 28. Qd4 $11 Qxd4+ 29. Rxd4 Ra8 30. Bc3 Nb5 31. Rd3 Nxc3+ 32. Rxc3 {[%emt 0:00:00][%mdl 4096] Endgame KRR-KRR} Rfc8 33. Kc2 Kf7 {[%emt 0:00:27] Against Re7+} 34. Kd3 Re8 35. Rxe8 Rxe8 {[%emt 0:00:22] KR-KR} 36. Rc4 Re5 37. Rxa4 Rxd5+ 38. Kc3 Ke7 39. Rd4 Rh5 40. h3 Kd8 41. Rc4 Re5 $1 42. Kb3 Rb5+ 43. Kc3 d6 44. a4 Rb1 (44... Re5 $14) 45. a5 $16 {[%emt 0:01:00] Threatens to win with Ra4.} Rb5 $2 {[%emt 0:00:40] Loses the game.} (45... Rg1 $16) 46. Ra4 $18 Rc5+ 47. Kd4 {[%emt 0:00:22] a6 is the strong threat.} Rf5 48. Ra1 {[%emt 0:01:16] Threatening mate with a6.} Kc7 {[%emt 0:00:11] [#]} 49. a6 {[%emt 0:00:06] a7 would kill now.} Kb8 {[%emt 0:00:02] [#]} 50. Rb1+ $1 Ka8 51. Rb7 Rg5 (51... g5 52. Rxh7 Ra5) 52. g4 h5 53. h4 Rg6 54. Ke4 ({Less strong is} 54. gxh5 Rh6 $16) 54... hxg4 55. Kf5 $1 {[%emt 0:00:05][%csl LRg4,LRg6][%mdl 64] Deflection, Double Attack} Rh6 56. fxg4 Rxh4 57. Rxg7 Rh6 58. Rd7 {[%emt 0:00:46] Weighted Error Value: White=0.17 (very precise) /Black=0.53} 1-0